 Dungeon Crawl Stone Soup version 0.27.1 (webtiles) character file.

Game seed: 15580325603764047212

58 r3algoood the Conjurer (level 3, 0/19 HPs)
             Began as a Deep Elf Conjurer on Aug 31, 2021.
             Slain by a goblin (2 damage)
             ... led by Robin
             ... on level 2 of the Dungeon.
             The game lasted 00:05:11 (1530 turns).

r3algoood the Conjurer (Deep Elf Conjurer)          Turns: 1530, Time: 00:05:12

Health: 0/19       AC:  2    Str:  4    XL:     3   Next: 76%
Magic:  4/9        EV: 12    Int: 23    God:
Gold:   99         SH:  0    Dex: 13    Spells: 5/8 levels left

rFire    . . .     SeeInvis .   b - +0 short sword (drain)
rCold    . . .     Faith    .   (no shield)
rNeg     . . .     Spirit   .   a - +0 robe
rPois    .         Reflect  .   (no helmet)
rElec    .         Harm     .   (no cloak)
rCorr    .         Rampage  .   (no gloves)
Will     .....                  (no boots)
Stlth    ++........             (no amulet)
HPRegen  0.06/turn              (no ring)
MPRegen  0.11/turn              (no ring)

@: no status effects
A: no striking features
a: no special abilities


You were on level 2 of the Dungeon.
You visited 1 branch of the dungeon, and saw 2 of its levels.

You collected 99 gold pieces.

Inventory:

Hand Weapons
 b - a +0 short sword of draining (weapon)
Armour
 a - a +0 robe (worn)
Scrolls
 c - 2 scrolls of identify {unknown}
 d - a scroll of enchant weapon {unknown}
 e - a scroll of amnesia {unknown}
 f - a scroll of brand weapon {unknown}
 h - 3 scrolls of immolation {unknown}
Potions
 g - 3 potions of attraction {unknown}
 i - a potion of flight {unknown}


   Skills:
 + Level 0.1 Short Blades
 + Level 2.7 Dodging
 + Level 2.8 Stealth
 + Level 3.3 Spellcasting
 + Level 5.6 Conjurations


You had 5 spell levels left.
You knew the following spells:

 Your Spells              Type           Power      Damage    Failure   Level
a - Magic Dart            Conj           100%       1d8       1%          1
b - Searing Ray           Conj           58%        3d5       1%          2

Your spell library contained the following spells:

 Spells                   Type           Power      Damage    Failure   Level
 Dazzling Flash           Conj/Hex       32%        N/A       11%         3
 Fulminant Prism          Conj/Hex       8%         3d7       34%         4
 Iskenderun's Mystic Bla  Conj/Tloc      16%        2d5       34%         4


Dungeon Overview and Level Annotations

Branches:
Dungeon (2/15)

Altars:
Xom

Annotations:
D:2 Robin


Message History

Robin roars a battlecry!
The goblin goes into a battle-frenzy!
The goblin misses you.
Things that are here:
a +0 dagger of electrocution; a goblin corpse The goblin no longer looks unusually strong.
Robin roars a battlecry!
The goblin goes into a battle-frenzy!
You closely miss the goblin.
The goblin no longer looks unusually strong.
Robin throws the goblin at you! The goblin barely misses you.
The goblin shoots a stone.
The stone hits you.
Casting: Searing Ray (safe; 1% risk of failure)
Confirm with . or Enter, or press ? or * to list all spells.
Aiming: Searing Ray (safe; 1% risk of failure)
Press: ? - help, Shift-Dir - straight line, f - goblin
Aim: a goblin, wielding a +0 club (strong, 74% to hit)
The searing ray misses the goblin.
The searing ray hits the goblin!
You kill the goblin! (Press . to maintain the ray.)
The goblin no longer looks unusually strong.
Robin roars a battlecry!
The goblins go into a battle-frenzy!
An endoplasm comes into view.
The goblin barely misses you. The goblin hits you with a +0 dagger.
The goblin shoots a stone.
The stone hits you.
* * * LOW HITPOINT WARNING * * *
Casting: Searing Ray (safe; 1% risk of failure)
Confirm with . or Enter, or press ? or * to list all spells.
Aiming: Magic Dart (safe; 1% risk of failure)
Press: ? - help, Shift-Dir - straight line, f - goblin
Aim: a goblin, wielding a +0 club (strong, 100% to hit)
The magic dart hits the goblin.
You kill the goblin!
The endoplasm quivers.
Robin says, "Feeling lonely?"
The goblin shoots a stone.
The stone hits you.
* * * LOW HITPOINT WARNING * * *
The goblin hits you with a +0 dagger.
You die...

..##...........##.##.#
.#.#.##...####.##.##.#
###..###.## #.#..#.#.
.#.### #.# #.#J# #.##
#.# #.#.# #.##
#.#####.#.###.#
...#####.............#
#.........####.#)#####
#.#######......g@# #.#
#######.# #.# #g# ..#
#)# ###
#######g#####.#
.......<...gg.#
#######.####### #.# ..
#.#


You could see Robin, an endoplasm and 2 goblins.

Vanquished Creatures
  2 adders (D:2)
  3 ball pythons
  4 endoplasms
  3 giant cockroaches
  7 goblins
  3 hobgoblins (D:1)
  3 kobolds
  2 quokkas
  6 bats
  2 frilled lizards
  2 rats (D:2)
37 creatures vanquished.

Notes
Turn   | Place    | Note
-------+----------+-------------------------------------------
     0 | D:1      | r3algoood the Deep Elf Conjurer began the quest for the
                  | Orb.
     0 | D:1      | Reached XP level 1. HP: 10/10 MP: 6/6
   268 | D:1      | Reached XP level 2. HP: 15/15 MP: 8/8
   847 | D:2      | Reached skill level 5 in Conjurations
   876 | D:2      | Learned a level 2 spell: Searing Ray
  1032 | D:2      | Found a shimmering altar of Xom.
  1161 | D:2      | Reached XP level 3. HP: 19/19 MP: 5/9
  1510 | D:2      | Noticed Robin
  1530 | D:2      | Slain by a goblin

Illustrated notes

Levels and vault maps discovered:
D:1:      saegor_arrival_simple_d, layout_loops_ring, serial_bayou_crossing
D:2:      minmay_spotlight, layout_loops_ring, basic_altar, st_stairs_7,
          serial_bayou_pond_d, uniq_robin

Skill      XL: |  1  2 |
---------------+-------+-----
Conjurations   | 5 |  5.6
Short Blades   | |  0.1
Dodging        | |  2.7
Stealth        | |  2.8
Spellcasting   | |  3.3

Action                   || total
-------------------------++-------
Melee: Short sword       ||    11
 Cast: Magic Dart        ||    52
       Searing Ray       ||     3
 Stab: Sleeping          ||     1
Armor: Robe              ||     7
Dodge: Dodged            ||    16
